 Dungeon Crawl Stone Soup version 0.28-a0-768-g8c92f1e708 (webtiles) character file.

Game seed: 4395660994802445378

12513 dosdet the Basher (level 11, -2/108 HPs)
             Began as a Minotaur Fighter on Oct 31, 2021.
             Slain by a chaos spawn (6 damage)
             ... summoned by an orc high priest
             ... on level 2 of the Orcish Mines.
             The game lasted 01:13:31 (13262 turns).

dosdet the Basher (Minotaur Fighter)               Turns: 13262, Time: 01:13:34

Health: -2/108     AC:  3    Str: 33    XL:     11   Next: 63%
Magic:  10/10      EV:  6    Int:  3    God:
Gold:   1319       SH: 11    Dex: 20    Spells: 3/10 levels left

rFire   + . .      SeeInvis .   H - +5 flail of Faded {drain, Str+4 Int-2 Dex+6}
rCold   + . .      Faith    .   c - +0 buckler
rNeg    + . .      Spirit   .   r - +2 gold dragon scales
rPois   +          Reflect  +   (helmet restricted)
rElec   +          Harm     .   (no cloak)
rCorr   .          Rampage  .   (no gloves)
Will    .....                   (no boots)
Stlth   ..........              g - amulet of reflection
HPRegen 0.28/turn               x - ring "Paotwoyrph" {rElec rPois rN+ Dex+3}
MPRegen 0.12/turn               a - ring of Divine Intervention {Str+6 Slay+3}

@: about to teleport, corroded
A: horns 2, retaliatory headbutt
a: no special abilities


You were on level 2 of the Orcish Mines.
You visited 2 branches of the dungeon, and saw 11 of its levels.

You collected 3347 gold pieces.
You spent 2028 gold pieces at shops.

Inventory:

Hand Weapons
 b - a +2 dire flail of protection
 d - a +0 vorpal war axe
 f - a +4 flail of protection
 n - a +4 battleaxe
 H - the +5 flail of Faded (weapon) {drain, Str+4 Int-2 Dex+6}
   (You found it on level 8 of the Dungeon)

   A truly terrible weapon, it drains the life of any living foe it strikes.
   Str:       It affects your strength (+4).
   Int:       It affects your intelligence (-2).
   Dex:       It affects your dexterity (+6).
 O - a +0 glaive
 Q - a +4 flail of flaming
Missiles
 k - 2 throwing nets
 G - 54 poisoned darts (quivered)
 J - 244 arrows
Armour
 c - a +0 buckler (worn)
 r - +2 gold dragon scales (worn)
 z - a +0 chain mail of fire resistance
 C - the +0 pair of gloves of Busud {rC- Dex+5}
   (You found it on level 7 of the Dungeon)

   Dex:       It affects your dexterity (+5).
   rC:        It makes you vulnerable to cold.
Jewellery
 a - the ring of Divine Intervention (right hand) {Str+6 Slay+3}
   (You acquired it on level 9 of the Dungeon)

   [ring of strength]

   Str:       It affects your strength (+6).
   Slay:      It affects your accuracy & damage with ranged weapons and melee
   (+3).
 g - an amulet of reflection (around neck)
 w - a +4 ring of protection
 x - the ring "Paotwoyrph" (left hand) {rElec rPois rN+ Dex+3}
   (You acquired it on level 2 of the Orcish Mines)

   [ring of poison resistance]

   Dex:       It affects your dexterity (+3).
   rElec:     It insulates you from electricity.
   rPois:     It protects you from poison.
   rN:        It protects you from negative energy.
 L - an amulet of faith
 T - a +6 ring of intelligence
Wands
 i - a wand of flame (15)
 t - a wand of iceblast (10)
 v - a wand of polymorph (10)
 E - a wand of charming (5)
Scrolls
 j - 2 scrolls of teleportation
 m - a scroll of enchant armour
 p - a scroll of silence
 q - a scroll of fog
 A - a scroll of magic mapping
 F - 2 scrolls of fear
Potions
 e - a potion of haste
 h - a potion of flight
 l - 2 potions of cancellation
 o - a potion of berserk rage {unknown}
 u - a potion of invisibility
 B - 3 potions of attraction
 X - a potion of ambrosia


   Skills:
 + Level 13.7 Fighting
 - Level 6.7(11.3) Axes
 - Level 14.0(14.6) Maces & Flails
 + Level 9.7 Armour
 - Level 4.0 Shields


You had 3 spell levels left.
You knew the following spells:

 Your Spells              Type           Power      Damage    Failure   Level
a - Monstrous Menagerie   Summ           0%         N/A       100%        7

Your spell library contained the following spells:

 Spells                   Type           Power      Damage    Failure   Level
 Slow                     Hex            0%         N/A       100%        1
 Confusing Touch          Hex            0%         N/A       100%        3
 Summon Ice Beast         Ice/Summ       0%         N/A       100%        4
 Summon Mana Viper        Hex/Summ       0%         N/A       100%        5
 Yara's Violent Unravell  Hex/Tmut       0%         3d3       100%        5


Dungeon Overview and Level Annotations

Branches:
Dungeon (9/15)             Temple (0/1) D:5            Lair (0/6) D:8
    Orc (2/2) D:9             Elf (0/3) Orc:2

Altars:
Beogh

Shops:
D:6 *   D:8 ?   Orc:1 =   Orc:2 ?


Innate Abilities, Weirdness & Mutations

You have a pair of horns on your head.
You reflexively headbutt those who attack you in melee.


Message History

The chaos spawn closely misses you.
The orc warrior hits you with a +0 mace!
The rust devil hits you. The rust devil corrodes you!
The orc priest mumbles some strange prayers to Beogh against you.
Pain shoots through your body!
You hit the rust devil.
The rust devil is almost dead.
The chaos spawn gores you! The chaos spawn shocks you. You resist.
You block the rust devil's attack. The orc warrior barely misses you.
You furiously retaliate!
You headbutt the orc warrior, but do no damage.
The orc priest calls down the wrath of Beogh upon you.
Beogh smites you!
You barely miss the rust devil.
The rust devil is almost dead.
The sixfirhy hits you. The sixfirhy shocks you. You resist.
You block the sixfirhy's attack.
The chaos spawn hits you but does no damage.
You hit the rust devil but do no damage.
You headbutt the rust devil.
You kill the rust devil!
The rust devil disappears in a puff of smoke!
The sixfirhy completely misses you. You furiously retaliate!
You headbutt the sixfirhy. The sixfirhy hits you. The sixfirhy shocks you.
You resist.
* * * LOW HITPOINT WARNING * * *
The orc warrior hits you with a +0 mace.
* * * LOW HITPOINT WARNING * * *
You block the orc priest's attack. The sixfirhy hits you!
* * * LOW HITPOINT WARNING * * *
The sixfirhy shocks you. You resist.
* * * LOW HITPOINT WARNING * * *
As you read the scroll of teleportation, it crumbles to dust.
You feel strangely unstable. You block the sixfirhy's attack.
The sixfirhy hits you!
* * * LOW HITPOINT WARNING * * *
The sixfirhy shocks you. You resist.
* * * LOW HITPOINT WARNING * * *
The chaos spawn hits you.
You die...

# #............ #. .$..
##............ .# ...
.##########............. .## #.#
....................... ..####.##
##.#...................
.##.#...###...#.....).)..........
.....#.#.##..........))..........
..#.......#....o3.#..........#...
..##.......)...o@o.#........###..
#..#...###'#...4..##.......## #.
#.....##...##.....#.........# #
#.....#.....#..#...#....##.##
'.##..#..8..#.###.##...#####
#.##..#.._..#.# #####...#
..#...##...##.# #..##
..##...#####..# ...#
####..........# ##.##


You could see an orc high priest, a sixfirhy (summoned), a chaos spawn
(summoned), an orc warrior and an orc priest.

Vanquished Creatures
  Gastronok (D:9)
  An ettin (Orc:1)
  Erolcha (D:9)
  2 two-headed ogres
  3 death yaks (D:8)
  A cyclops (D:9)
  An orc sorcerer (Orc:2)
  Maurice (Orc:2)
  A wyvern (D:9)
  A vampire (D:9)
  2 yaks (D:8)
  Eustachio (D:6)
  A steam dragon (D:6)
  Menkaure (D:4)
  Edmund (D:4)
  A warg (Orc:1)
  2 acid dragons
  16 orc warriors
  An ice beast (D:6)
  2 ogres
  5 centaurs
  A phantom (D:5)
  The ghost of Colgate the Conjurer, an amateur DEAE of Wu Jian (D:3)
  2 kobold brigands
  4 bullfrogs
  A gnoll sergeant (Orc:2)
  3 scorpions
  A water moccasin zombie (D:7)
  2 wights (D:8)
  2 centaur zombies (D:8)
  A jelly (D:3)
  2 hounds (D:7)
  A bullfrog zombie (D:6)
  2 gnoll shamans
  9 orc priests
  Crazy Yiuf (D:3)
  A bullfrog skeleton (D:5)
  2 centaur skeletons
  3 iguanas
  17 orc wizards
  A scorpion zombie (D:5)
  A killer bee zombie (D:7)
  2 howler monkey zombies (D:8)
  8 gnolls
  6 adders
  2 ufetubi (D:6)
  4 worms
  2 dart slugs
  57 orcs
  7 endoplasms
  4 giant cockroaches
  8 goblins
  4 hobgoblins (D:3)
  4 jackals (D:4)
  5 quokkas
  6 ball pythons
  2 bats
  2 frilled lizards
  16 kobolds
  5 rats
248 creatures vanquished.

Vanquished Creatures (collateral kills)
  A necrophage (D:8)
  An orc wizard (D:8)
  An orc (D:8)
3 creatures vanquished.

Vanquished Creatures (others)
  An orc wizard (D:8)
  2 fungi (D:3)
  6 plants (D:3)
9 creatures vanquished.

Grand Total: 260 creatures vanquished

Notes
Turn   | Place    | Note
-------+----------+-------------------------------------------
     0 | D:1      | dosdet the Minotaur Fighter began the quest for the Orb.
     0 | D:1      | Reached XP level 1. HP: 19/19 MP: 0/0
   262 | D:1      | Reached XP level 2. HP: 24/27 MP: 1/1
   622 | D:1      | Reached XP level 3. HP: 34/34 MP: 2/2
  1928 | D:2      | Identified a scroll of acquirement
  1928 | D:2      | Acquired 1300 gold pieces
  1983 | D:3      | Found a runed translucent gate.
  1983 | D:3      | Found a runed translucent gate.
  1983 | D:3      | Noticed Colgate's ghost (amateur DEAE)
  1988 | D:3      | Noticed a kobold brigand
  2150 | D:3      | Reached XP level 4. HP: 41/41 MP: 3/3
  2193 | D:3      | Found a faded altar of an unknown god.
  2283 | D:3      | Reached skill level 5 in Fighting
  2997 | D:3      | Found a runed translucent gate.
  3196 | D:4      | Reached XP level 5. HP: 48/48 MP: 4/4
  3439 | D:4      | Reached skill level 5 in Axes
  3635 | D:4      | Noticed an ogre
  3640 | D:4      | Killed an ogre
  3641 | D:4      | Reached XP level 6. HP: 49/58 MP: 5/5
  3687 | D:4      | Noticed Menkaure
  3694 | D:4      | Killed Menkaure
  3862 | D:4      | Noticed Edmund
  3874 | D:4      | Killed Edmund
  3875 | D:4      | Reached XP level 7. HP: 47/66 MP: 6/6
  4921 | D:3      | Reached skill level 1 in Maces & Flails
  4969 | D:3      | Killed Colgate's ghost
  4970 | D:3      | Reached skill level 2 in Maces & Flails
  5162 | D:3      | Found a runed translucent door.
  5163 | D:3      | Noticed Crazy Yiuf
  5168 | D:3      | Killed Crazy Yiuf
  5488 | D:5      | Entered Level 5 of the Dungeon
  5508 | D:5      | Found a staircase to the Ecumenical Temple.
  5538 | D:5      | Reached skill level 3 in Maces & Flails
  5776 | D:5      | Reached skill level 4 in Maces & Flails
  5893 | D:5      | Reached XP level 8. HP: 75/75 MP: 7/7
  6561 | D:6      | Reached skill level 5 in Maces & Flails
  6576 | D:6      | Acquired 1237 gold pieces
  6656 | D:6      | Reached skill level 6 in Maces & Flails
  6925 | D:6      | Noticed Eustachio
  6986 | D:6      | Killed Eustachio
  6987 | D:6      | Reached skill level 7 in Maces & Flails
  7020 | D:6      | Identified the +6 short sword "Mutir" {holy, rElec}
  7422 | D:6      | Found Zeit's Lightly-Used Armoury.
  7429 | D:6      | Bought -1 gold dragon scales for 825 gold pieces
  7706 | D:6      | Reached skill level 8 in Maces & Flails
  7951 | D:7      | Reached skill level 9 in Maces & Flails
  7951 | D:7      | Reached XP level 9. HP: 82/82 MP: 8/8
  8089 | D:7      | Identified the +0 pair of gloves of Busud {rC- Dex+5}
  8113 | D:7      | Noticed a two-headed ogre
  8133 | D:7      | Killed a two-headed ogre
  8134 | D:7      | Reached skill level 10 in Maces & Flails
  8273 | D:7      | Reached skill level 11 in Maces & Flails
  8553 | D:8      | Found Hisai's Magic Scroll Boutique.
  8556 | D:8      | Bought 2 scrolls of blinking for 180 gold pieces
  8556 | D:8      | Bought a scroll of identify for 24 gold pieces
  8556 | D:8      | Bought a scroll of enchant armour for 90 gold pieces
  8557 | D:8      | Bought a scroll of enchant armour for 90 gold pieces
  8598 | D:8      | Found a staircase to the Lair.
  8598 | D:8      | Noticed a death yak
  8598 | D:8      | Noticed a death yak
  8607 | D:8      | Noticed a death yak
  8649 | D:8      | Killed a death yak
  9184 | D:8      | Learned a level 7 spell: Monstrous Menagerie
  9191 | D:8      | Reached skill level 12 in Maces & Flails
  9288 | D:8      | HP: 1/85 [orc warrior (7)]
  9537 | D:8      | Reached XP level 10. HP: 77/93 MP: 9/9
  9773 | D:8      | Reached skill level 10 in Fighting
  9945 | D:8      | Identified the +5 flail of Faded {drain, Str+4 Int-2 Dex+6}
 10025 | D:8      | Reached skill level 13 in Maces & Flails
 10072 | D:8      | Killed a death yak
 10082 | D:8      | Killed a death yak
 10083 | D:8      | Reached skill level 14 in Maces & Flails
 10785 | D:9      | Noticed Erolcha
 10789 | D:9      | Killed Erolcha
 10790 | D:9      | Reached skill level 5 in Armour
 10864 | D:9      | Noticed Gastronok
 10887 | D:9      | Killed Gastronok
 10888 | D:9      | Reached XP level 11. HP: 83/104 MP: 10/10
 11219 | D:9      | Acquired the ring of Divine Intervention {Str+6 Slay+3}
 11266 | D:9      | Found a staircase to the Orcish Mines.
 11278 | Orc:1    | Entered Level 1 of the Orcish Mines
 11281 | Orc:1    | Noticed an ettin
 11292 | Orc:1    | Killed an ettin
 11329 | Orc:1    | Found Cibapluo's Jewellery Boutique.
 11761 | Orc:2    | Entered Level 2 of the Orcish Mines
 11788 | Orc:2    | Noticed a two-headed ogre
 11796 | Orc:2    | Killed a two-headed ogre
 11845 | Orc:2    | Noticed Maurice
 11859 | Orc:2    | Killed Maurice
 12593 | Orc:2    | Found a staircase to the Elven Halls.
 12677 | Orc:2    | Noticed an orc sorcerer
 12682 | Orc:2    | Found Rarphiati's Magic Scroll Shop.
 12686 | Orc:2    | Killed an orc sorcerer
 12742 | Orc:2    | Bought a scroll of enchant armour for 82 gold pieces
 12742 | Orc:2    | Bought a scroll of teleportation for 33 gold pieces
 12742 | Orc:2    | Bought a scroll of teleportation for 33 gold pieces
 12742 | Orc:2    | Bought a scroll of identify for 22 gold pieces
 12742 | Orc:2    | Bought a scroll of acquirement for 572 gold pieces
 12742 | Orc:2    | Bought a scroll of identify for 22 gold pieces
 12742 | Orc:2    | Bought a scroll of teleportation for 33 gold pieces
 12742 | Orc:2    | Bought a scroll of identify for 22 gold pieces
 12744 | Orc:2    | Acquired the ring "Paotwoyrph" {rElec rPois rN+ Dex+3}
 13238 | Orc:2    | Noticed an orc high priest
 13247 | Orc:2    | Noticed a sixfirhy
 13257 | Orc:2    | Noticed a sixfirhy
 13262 | Orc:2    | HP: 4/108 [sixfirhy[an orc high priest] (4)]
 13262 | Orc:2    | Slain by a chaos spawn

Illustrated notes

Levels and vault maps discovered:
D:1:      dpeg_arrival_tiny_a, layout_basic, minmay_tromino_v7
D:2:      layout_rooms
D:3:      layout_loops_ring, gammafunk_ghost_nasty_kobolds,
          shapermc_ecumenical_altar_mp_ritualfount, patterned_corridor,
          uniq_crazy_yiuf_cottage
D:4:      layout_basic, uniq_edmund, uniq_menkaure
D:5:      layout_layer_cave, minmay_temple_entry_antechambers,
          chequers_serial_rivers_large_b
D:6:      kennysheep_six_static_rooms, layout_cave_pools, minmay_shop_damaged,
          uniq_eustachio
D:7:      layout_cave_pools
D:8:      layout_loops_corners, dpeg_lair_monsters, serial_shops,
          kennysheep_mini_moat, minmay_alternating_orb
D:9:      layout_roguey, yredelemnul_forgotten_temple_becter, hiddenorc1_lemuel,
          uniq_gastronok, uniq_erolcha, uniq_prince_ribbit1
Orc:1:    layout_caves, serial_shops, shop, enter_volcano_2
Orc:2:    grunt_orc_community_town_hall, layout_caves,
          grunt_orc_community_big_house_1, grunt_orc_community_big_house_1,
          grunt_orc_community_house_2, grunt_orc_community_house_3,
          grunt_orc_community_house_3, grunt_orc_community_house_3,
          grunt_orc_community_house_3, uniq_maurice

Skill      XL: |  1  2  3  4  5  6  7  8  9 10 11 |
---------------+----------------------------------+-----
Fighting       | 4 5 6 7 8 9 12 13 | 13.7
Axes           | 3 4 5 6 |  6.7
Maces & Flails | 4 9 12 14 | 14.0
Shields        | 4 |  4.0
Armour         | 4 6 9 |  9.7

Action                   |  1- 3 |  4- 6 |  7- 9 | 10-12 || total
-------------------------+-------+-------+-------+-------++-------
Melee: War axe           |    79 |    85 |       |       ||   164
       Headbutt          |    11 |    20 |    65 |    79 ||   175
       Flail             |       |       |   319 |   254 ||   573
  Use: Scroll            |     4 |     1 |    23 |    10 ||    38
       Potion            |       |       |     5 |       ||     5
Armor: Scale mail        |    31 |    19 |       |       ||    50
       Chain mail        |       |       |   128 |       ||   128
       Gold dragon scale |       |       |   109 |   153 ||   262
Dodge: Dodged            |    39 |    16 |    92 |    45 ||   192
Block: Buckler           |    35 |    44 |   191 |   125 ||   395
       Reflection        |     1 |       |    12 |     8 ||    21

Table legend: (Time is in decaauts)
 A = Elapsed time spent in this place.
 B = Non-inter-level travel time spent in this place.
 C = Inter-level travel time spent in this place.
 D = Time resting spent in this place.
 E = Time spent auto-exploring this place.
 F = Levels seen in this place.
 G = Mean time per level.
                   A        B        C        D        E       F      G
               +--------+--------+--------+--------+--------+-----+--------+
         Total |  13269 |  13269 |      0 |   4197 |   4081 |  11 | 1206.3 |
       Dungeon |  11331 |  11331 |      0 |   3274 |   3873 |   9 | 1259.0 |
  Orcish Mines |   1937 |   1937 |      0 |    923 |    208 |   2 |  968.5 |
               +--------+--------+--------+--------+--------+-----+--------+

Top non-repeatable levels by time:
     D:8: 2240 daAuts
     D:3: 1867 daAuts
     D:4: 1669 daAuts
     D:6: 1559 daAuts
   Orc:2: 1463 daAuts
     D:1: 1186 daAuts
     D:5: 877 daAuts
     D:2: 820 daAuts
     D:7: 630 daAuts
     D:9: 480 daAuts
   Orc:1: 474 daAuts
